 Dungeon Crawl Stone Soup version 0.29.1-15-g9cfb28693d (webtiles) character file.

Game seed: 9362068235190009866

7034 cdecastro the Cruncher (level 10, -2/93 HPs)
             Began as a Minotaur Fighter on Mar 5, 2023.
             Was a High Priest of Okawaru.
             Slain by a centaur warrior (12 damage)
             ... on level 9 of the Dungeon.
             The game lasted 00:16:56 (11078 turns).

cdecastro the Cruncher (Minotaur Fighter)          Turns: 11078, Time: 00:16:57

Health: -2/93      AC: 13    Str: 31    XL:     10   Next: 83%
Magic:  11/11      EV:  9    Int:  5    God:    Okawaru [*****.]
Gold:   56         SH:  0    Dex: 10    Spells: 9/9 levels left

rFire   . . .      SeeInvis .   b - +11 quarterstaff "Gitwucly" {elec, rC+}
rCold   + . .      Faith    .   (shield currently unavailable)
rNeg    . . .      Spirit   .   j - +0 plate armour
rPois   +          Reflect  .   (helmet restricted)
rElec   .          Harm     .   P - +0 cloak
rCorr   .          Rampage  .   (no gloves)
Will    .....                   (no boots)
Stlth   ..........              (no amulet)
HPRegen 0.25/turn               u - +6 ring of strength
MPRegen 0.12/turn               B - ring of poison resistance

@: invisible
A: horns 2, retaliatory headbutt
a: Renounce Religion, Heroism, Finesse, Duel


You were on level 9 of the Dungeon.
You worshipped Okawaru.
Okawaru was extremely pleased with you.
You visited 2 branches of the dungeon, and saw 11 of its levels.
You also visited: Sewer.

You collected 442 gold pieces.
You spent 386 gold pieces at shops.

Inventory:

Hand Weapons
 a - a +0 war axe
 b - the +11 quarterstaff "Gitwucly" (weapon) {elec, rC+}
   (You found it on level 4 of the Dungeon)

   It occasionally discharges a powerful burst of electricity upon striking a
   foe.
   rC:        It protects you from cold.
Missiles
 v - 5 atropa-tipped darts
 A - 19 poisoned darts (quivered)
 N - 3 javelins
Armour
 c - a +0 buckler
 j - a +0 plate armour (worn)
 P - a +0 cloak (worn)
Jewellery
 u - a +6 ring of strength (left hand)
 y - a +6 ring of strength
 B - a ring of poison resistance (right hand)
Wands
 p - a wand of polymorph (6)
 z - a wand of digging (2)
 D - a wand of flame (14)
 J - a wand of iceblast (12)
 O - a wand of quicksilver (8)
Scrolls
 f - a scroll of identify
 g - 9 scrolls of teleportation
 l - 6 scrolls of fear {unknown}
 m - 2 scrolls of enchant weapon {unknown}
 n - a scroll of amnesia {unknown}
 o - 4 scrolls of vulnerability {unknown}
 q - 3 scrolls of fog {unknown}
 s - 2 scrolls of summoning {unknown}
 t - 2 scrolls of acquirement {unknown}
 E - 3 scrolls of silence {unknown}
 G - a scroll of magic mapping {unknown}
 H - 2 scrolls of immolation {unknown}
 K - a scroll of blinking {unknown}
 Q - a scroll of enchant armour
 R - a scroll of poison
 S - a scroll of brand weapon {unknown}
Potions
 d - 2 potions of might
 e - 2 potions of haste
 h - 2 potions of attraction
 i - 4 potions of brilliance
 k - 4 potions of resistance
 r - 3 potions of heal wounds
 w - a potion of lignification {unknown}
 x - 4 potions of curing
 F - a potion of mutation
 I - a potion of berserk rage
 L - a potion of cancellation {unknown}
 M - 2 potions of ambrosia {unknown}


   Skills:
 - Level 10.0 Fighting
 - Level 10.0 Axes
 + Level 12.6 Staves
 - Level 5.0 Armour
 - Level 5.0 Dodging
 - Level 3.6 Shields
 - Level 3.0 Invocations


You had 9 spell levels left.
You didn't know any spells.
Your spell library contained the following spells:

 Spells                   Type           Power      Damage    Failure   Level
 Sublimation of Blood     Necr           0%         N/A       100%        2
 Wereblood                Tmut           0%         N/A       100%        2
 Orb of Destruction       Conj           0%         9d5       100%        7
 Summon Guardian Golem    Hex/Summ       Unusable   N/A       N/A         3
 Spellforged Servitor     Conj/Summ      Unusable   N/A       N/A         7
 Summon Hydra             Summ           Unusable   N/A       N/A         7

Dungeon Overview and Level Annotations

Branches:
Dungeon (10/15)            Temple (1/1) D:4            Lair (0/5) D:8
  Sewer (visited)
    Orc: D:9-12

Altars:
Ashenzari
Cheibriados
Dithmenos
Elyvilon
Fedhas
Gozag
Hepliaklqana
Kikubaaqudgha
Makhleb
Nemelex Xobeh
Okawaru
Ru
Sif Muna
Trog
Vehumet
Wu Jian
Xom
Yredelemnul
Zin
The Shining One

Shops:
D:4 (   D:5 *   D:9 !?*

Annotations:
D:8 vault need rcorr, exclusion: 4 oklob plants


Innate Abilities, Weirdness & Mutations

You have a pair of horns on your head.
You reflexively headbutt those who attack you in melee.


Message History

You sock the steam dragon! You headbutt the steam dragon.
You kill the steam dragon!
Okawaru accepts your kill.
You are engulfed in a cloud of scalding steam.
Your life force feels restored.
The howler monkey howls!
Items here: $ ( ) [.
You sock the howler monkey!
The howler monkey is heavily wounded.
The howler monkey hits you.
You bludgeon the howler monkey!!
Lightning courses through the howler monkey!
You kill the howler monkey!
Okawaru accepts your kill.
You now have enough gold to buy a scroll of immolation on this level.
You can access your shopping list by pressing '$'.
You now have 56 gold pieces (gained 26).
Items here: ( ) [ †.
You start resting.
A centaur warrior comes into view.
The centaur warrior wields a +0 longbow.
The centaur warrior shoots an arrow.
The arrow hits you!
The centaur warrior shoots an arrow.
The arrow hits you!!
* * * LOW HITPOINT WARNING * * *
You fade into invisibility!
The centaur warrior shoots an arrow.
The arrow closely misses you.
The centaur warrior shoots an arrow.
The arrow hits you.
* * * LOW HITPOINT WARNING * * *
The centaur warrior shoots an arrow.
The arrow hits you!
* * * LOW HITPOINT WARNING * * *
The centaur warrior shoots an arrow.
The arrow hits you!
* * * LOW HITPOINT WARNING * * *
Items here: ( ) [ †.
The centaur warrior shoots an arrow.
The arrow hits you!
* * * LOW HITPOINT WARNING * * *
You hit the centaur warrior.
The centaur warrior is lightly wounded.
The centaur warrior unwields a +0 longbow.
The centaur warrior hits you!
You die...

#.................
#######................. ....
........................ ....
........................ .....
........................ ...
.............########. ...
........######......#.
##'#########'####...........#.
#............@).............#.
#...†.......c######''#......#.
#............#.......#......#.
#............#.......#..#####.
#.....[......##......#..#.....
#.............#......#..#.....
######........########..#.....
#..................#####.
#......................#.


You could see a centaur warrior (unable to see you).

Vanquished Creatures
  A two-headed ogre (D:6)
  A kobold demonologist (D:9)
  A hornet (D:9)
  A wyvern (D:7)
  11 yaks
  A basilisk (D:8)
  2 steam dragons
  3 water moccasins
  3 sky beasts
  An ice beast (D:8)
  An ogre (D:7)
  A black bear (D:7)
  3 centaurs
  A phantom (D:6)
  Blork the orc (D:6)
  2 kobold brigands
  5 bullfrogs
  2 gnoll sergeants
  4 scorpions
  8 wights
  2 killer bees
  8 howler monkeys
  3 jellies
  Crazy Yiuf (D:2)
  A gnoll bouda (D:9)
  3 orc priests
  2 hounds
  An iron imp (D:5)
  5 orc wizards
  5 iguanas
  11 adders
  17 gnolls
  2 river rats (Sewer)
  An ufetubus (D:7)
  2 worms
  5 dart slugs
  18 orcs
  7 ball pythons
  6 endoplasms
  6 giant cockroaches
  11 goblins
  12 hobgoblins
  8 jackals (D:1)
  6 quokkas
  9 bats
  15 frilled lizards
  11 kobolds
  6 rats
237 creatures vanquished.

Vanquished Creatures (others)
  An orc priest (D:9)
  25 plants
26 creatures vanquished.

Grand Total: 263 creatures vanquished

Notes
Turn   | Place    | Note
-------+----------+-------------------------------------------
     0 | D:1      | cdecastro the Minotaur Fighter began the quest for the Orb.
     0 | D:1      | Reached XP level 1. HP: 19/19 MP: 0/0
   294 | D:1      | Reached XP level 2. HP: 19/26 MP: 1/1
   713 | D:1      | Reached XP level 3. HP: 30/31 MP: 2/2
  1200 | D:1      | Found a faded altar of an unknown god.
  1341 | D:2      | Found a runed translucent door.
  1342 | D:2      | Noticed Crazy Yiuf
  1381 | D:2      | Reached skill level 5 in Axes
  1468 | D:2      | Reached XP level 4. HP: 21/39 MP: 3/3
  2570 | D:3      | Found a glowing drain.
  2587 | Sewer    | Entered a sewer
  2621 | Sewer    | Reached XP level 5. HP: 45/45 MP: 4/4
  3497 | D:3      | Found a hazy altar of Hepliaklqana.
  3747 | D:3      | Found a white marble altar of Elyvilon.
  3852 | D:4      | Found Hoschup's Antique Weapon Shop.
  3977 | D:4      | Reached XP level 6. HP: 36/51 MP: 5/5
  4173 | D:4      | Found a shadowy altar of Dithmenos.
  4174 | D:4      | Found an ancient bone altar of Kikubaaqudgha.
  4207 | D:4      | Identified the +11 quarterstaff "Gitwucly" {elec, rC+}
  4243 | D:4      | Found a staircase to the Ecumenical Temple.
  4257 | Temple   | Entered the Ecumenical Temple
  4408 | Temple   | Became a worshipper of Warmaster Okawaru
  4782 | D:5      | Entered Level 5 of the Dungeon
  4931 | D:5      | Reached XP level 7. HP: 57/57 MP: 6/6
  4999 | D:5      | Found Gozag's Platinum Reserve.
  5003 | D:5      | Found an opulent altar of Gozag.
  5354 | D:5      | Found a snail-covered altar of Cheibriados.
  5421 | D:5      | Found a sacrificial altar of Ru.
  5488 | D:5      | Reached * piety under Okawaru
  5489 | D:5      | Reached skill level 10 in Axes
  5689 | D:6      | Noticed a two-headed ogre
  5700 | D:6      | Killed a two-headed ogre
  5701 | D:6      | Reached XP level 8. HP: 33/74 MP: 4/7
  5912 | D:6      | Found a shimmering altar of Xom.
  5921 | D:6      | Found a broken altar of Ashenzari.
  5958 | D:6      | Reached ** piety under Okawaru
  6280 | D:6      | Reached skill level 10 in Fighting
  6502 | D:6      | Noticed Blork the orc
  6509 | D:6      | Killed Blork the orc
  6510 | D:6      | Reached skill level 1 in Invocations
  6807 | D:7      | Reached skill level 1 in Staves
  6807 | D:7      | Reached XP level 9. HP: 85/85 MP: 10/10
  6864 | D:7      | Reached *** piety under Okawaru
  6865 | D:7      | Reached skill level 2 in Staves
  6909 | D:7      | Reached skill level 3 in Staves
  7147 | D:7      | Found a basalt altar of Yredelemnul.
  7210 | D:7      | Found a bloodstained altar of Trog.
  7223 | D:7      | Reached skill level 4 in Staves
  7294 | D:7      | Reached skill level 5 in Staves
  7581 | D:7      | Found a sparkling altar of Nemelex Xobeh.
  7729 | D:7      | Reached skill level 6 in Staves
  7865 | D:8      | Found a staircase to the Lair.
  7872 | D:7      | Reached skill level 7 in Staves
  7964 | D:7      | Reached **** piety under Okawaru
  7965 | D:7      | Reached skill level 8 in Staves
  8043 | D:7      | Reached skill level 9 in Staves
  8461 | D:8      | Reached skill level 10 in Staves
  8461 | D:8      | Reached XP level 10. HP: 75/93 MP: 11/11
  8555 | D:8      | Noticed an oklob plant
  8555 | D:8      | Noticed an oklob plant
  8640 | D:8      | Reached skill level 5 in Armour
  8784 | D:8      | You fall into a shaft and drop 2 floors!
  8784 | D:10     | Entered Level 10 of the Dungeon
  9091 | D:9      | Reached ***** piety under Okawaru
  9091 | D:9      | Received a gift from Okawaru
  9092 | D:9      | Reached skill level 11 in Staves
  9304 | D:9      | Reached skill level 12 in Staves
  9666 | D:9      | Reached skill level 1 in Dodging
 10073 | D:8      | Noticed an oklob plant
 10106 | D:8      | Noticed an oklob plant
 10385 | D:2      | Killed Crazy Yiuf
 10592 | D:9      | Found Vafi's Magic Scroll Shop.
 10592 | D:9      | Found Kastey's Assorted Antiques.
 10612 | D:9      | Bought a scroll labelled GIOSYI AS PUHEST for 33 gold
                  | pieces
 10612 | D:9      | Bought a scroll labelled NYHAOKLUSU for 33 gold pieces
 10612 | D:9      | Bought a scroll labelled YLEPNOPRUE for 33 gold pieces
 10623 | D:9      | Bought a scroll of teleportation for 42 gold pieces
 10623 | D:9      | Bought a scroll of teleportation for 42 gold pieces
 10623 | D:9      | Bought a scroll of teleportation for 42 gold pieces
 10623 | D:9      | Bought a scroll of enchant armour for 105 gold pieces
 10623 | D:9      | Bought a scroll of poison for 56 gold pieces
 10633 | D:9      | Found Plog's Distillery.
 10770 | D:9      | Reached skill level 5 in Dodging
 10863 | D:9      | Noticed a two-headed ogre
 11070 | D:9      | Noticed a centaur warrior
 11078 | D:9      | Slain by a centaur warrior

Illustrated notes

Levels and vault maps discovered:
D:1:      amcnicky_arrival_underground_garden, layout_loops_ring,
          shapermc_ecumenical_altar_acropolis, minmay_tall_x
D:2:      layout_loops_ring, chequers_garden, minmay_misc_feat_five,
          st_stairs_14, grunt_ministairs_1, nicolae_grassy_gnolls,
          uniq_crazy_yiuf_cottage
D:3:      layout_loops_ring, nicolae_hepliaklqana_hippocampus,
          mainiacjoe_overflow_alcove_4, portal_sewer_entry_f,
          kennysheep_generic_room_8
D:4:      layout_rooms, nicolae_overflow_hidden_temple,
          minmay_temple_entry_stoned_glass, serial_shops, nicolae_shop_crystal
D:5:      layout_gridville, nicolae_ru_awakened_eye, slow_altar_2,
          nicolae_gozag_zags_fifth_avenue, serial_bayou, serial_bayou_crossing,
          serial_bayou_lake_a, serial_bayou_lagoon_b, serial_bayou_pond_c,
          serial_bayou_shore_a
D:6:      layout_loops_corners, amethyst_overflow_temple_binary,
          uniq_blork_the_orc
D:7:      layout_basic, mainiacjoe_overflow_alcove_2, nemelex_dance_club_becter,
          trog_three_pillars_becter
D:8:      layout_cave_pools, minmay_lair_entry_grove, disabler_island
D:9:      nzn_winding_woodlands_medium [nzn_winding_woodlands_5x5_cross,
          nzn_winding_woodlands_5x15_parted, nzn_winding_woodlands_5x5_three,
          nzn_winding_woodlands_hourglass, nzn_winding_woodlands_center_garden,
          nzn_winding_woodlands_5x5_closed_star,
          nzn_winding_woodlands_5x5_default, nzn_winding_woodlands_5x15_cabin,
          nzn_winding_woodlands_5x5_perimeter], layout_irregular_city,
          serial_shops, nicolae_shop_trees, nicolae_inconvenience_store,
          nicolae_shop_overgrown_old_shop, uniq_joseph
D:10:     layout_gridville, mainiacjoe_overflow_boulevard, kennysheep_mini
Temple:   nicolae_temple_godpark

Skill      XL: |  1  2  3  4  5  6  7  8  9 10 |
---------------+-------------------------------+-----
Axes           | 3 4 5 6 7 9 10 | 10.0
Fighting       | 8 10 | 10.0
Invocations    | 3 |  3.0
Staves         | 1 10 12 | 12.6
Armour         | 5 |  5.0
Dodging        | 5 |  5.0
Shields        | |  3.6

Action                   |  1- 3 |  4- 6 |  7- 9 | 10-12 || total
-------------------------+-------+-------+-------+-------++-------
Melee: War axe           |    80 |   156 |       |       ||   236
       Headbutt          |     7 |    16 |    11 |    17 ||    51
       Punch             |       |     2 |       |       ||     2
       Quarterstaff      |       |    18 |   117 |   111 ||   246
Invok: Heroism           |       |       |     2 |       ||     2
  Use: Scroll            |       |       |       |    10 ||    10
       Potion            |       |       |       |     1 ||     1
Armor: Scale mail        |    39 |       |       |       ||    39
       Plate armour      |    17 |   113 |    65 |    38 ||   233
Dodge: Dodged            |    43 |    49 |    58 |    32 ||   182
